 Dungeon Crawl Stone Soup version 0.22-a0-293-gc9362ec (webtiles) character file.

55073 zxcv the Slinger (level 14, -3/118 HPs)
             Began as a Red Draconian Transmuter on Mar 18, 2018.
             Was the Champion of Makhleb.
             Slain by a sun demon (8 damage)
             ... summoned by an orc sorcerer
             ... on level 2 of the Orcish Mines on Mar 25, 2018.
             The game lasted 01:00:30 (21985 turns).

zxcv the Slinger (Red Draconian Transmuter)        Turns: 21985, Time: 01:00:31

Health: -3/118     AC: 17    Str: 18    XL:     14   Next: 37%
Magic:  17/21      EV: 20    Int: 16    God:    Makhleb [******]
Gold:   1596       SH: 12    Dex: 22    Spells: 6/23 levels left

rFire    + . .     SeeInvis .   a - +8 fustibalus of Wyfuin {venom, Str+4 Dex+4}
rCold    . . .     Gourm    .   T - +2 buckler
rNeg     . . .     Faith    .   (armour unavailable)
rPois    +         Spirit   .   x - +2 hat
rElec    .         Reflect  +   d - +0 cloak
rCorr    .         Harm     .   O - +2 pair of gloves
MR       +....                  w - +2 pair of boots
Stlth    ++........             G - +4 amulet of reflection (curse)
HPRegen  0.29/turn              D - +5 ring of dexterity
MPRegen  0.17/turn              e - ring of poison resistance

@: drained
A: breathe fire, unfitting armour, fire resistance 1, cold-blooded, AC +8
a: Breathe Fire, Minor Destruction, Lesser Servant of Makhleb, Major
Destruction, Greater Servant of Makhleb, Renounce Religion


You were on level 2 of the Orcish Mines.
You worshipped Makhleb.
Makhleb was exalted by your worship.
You were hungry.

You visited 3 branches of the dungeon, and saw 19 of its levels.
You also visited: Sewer.

You collected 1596 gold pieces.

Inventory:

Hand Weapons
 a - the +8 fustibalus of Wyfuin (weapon) {venom, Str+4 Dex+4}
   (You found it on level 7 of the Dungeon)

   It poisons the ammo it fires.
   It affects your strength (+4).
   It affects your dexterity (+4).
Missiles
 f - 166 stones (quivered)
 t - 4 javelins
 I - 189 arrows
 X - 116 sling bullets
Armour
 d - a +0 cloak (worn)
 w - a +2 pair of boots (worn)
 x - a +2 hat (worn)
 K - the +8 large shield "Cairock Egal" {Stlth+}
   (You found it on level 8 of the Dungeon)

   It makes you more stealthy.
 O - a +2 pair of gloves (worn)
 T - a +2 buckler (worn)
Jewellery
 e - a ring of poison resistance (right hand)
 u - an uncursed ring of fire
 C - an uncursed ring of see invisible
 D - a +5 ring of dexterity (left hand)
 G - a cursed +4 amulet of reflection (around neck)
Wands
 o - a wand of digging (10)
 q - a wand of clouds (4)
 y - a wand of polymorph (2)
 H - a wand of paralysis (26)
 Q - a wand of flame (64)
 S - a wand of acid (6)
 U - a wand of iceblast (8)
 W - a wand of random effects (39)
 Y - a wand of scattershot (4)
 Z - a wand of disintegration (15)
Scrolls
 b - 3 scrolls of fear
 g - 13 scrolls of remove curse
 h - 13 scrolls of teleportation
 k - 3 scrolls of amnesia
 l - 3 scrolls of enchant weapon
 n - 5 scrolls of magic mapping
 p - 3 scrolls of enchant armour
 E - 5 scrolls of identify
 L - 3 scrolls of fog {unknown}
 P - 2 scrolls of summoning {unknown}
 R - 2 scrolls of acquirement {unknown}
Potions
 i - 6 potions of curing
 j - 6 potions of haste
 m - a potion of brilliance {unknown}
 s - 5 potions of flight
 v - 2 potions of agility {unknown}
 B - a potion of heal wounds
 F - 3 potions of might
 J - 3 potions of cancellation
 M - 2 potions of mutation {unknown}
 N - 2 potions of lignification {unknown}
Miscellaneous
 r - a phial of floods
 V - a lightning rod (4/4)
Comestibles
 c - 22 rations
 z - 3 chunks of flesh {@w0}


   Skills:
 - Level 9.0(8.1) Fighting
 + Level 11.6(10.7) Slings
 + Level 9.3(8.5) Dodging
 + Level 4.9(4.2) Shields
 - Level 8.0(7.2) Unarmed Combat
 - Level 5.0(4.2) Spellcasting
 - Level 8.0(7.2) Necromancy
 - Level 11.0(10.1) Transmutations
 - Level 2.1(1.4) Ice Magic
 + Level 7.5(6.8) Invocations


You had 6 spell levels left.
You knew the following spells:

 Your Spells              Type           Power        Failure   Level  Hunger
a - Beastly Appendage     Tmut           #####.       1%          1    None
b - Sticks to Snakes      Tmut           #####...     1%          2    ##.....
c - Spider Form           Tmut/Pois      ###.......   6%          3    ###....
d - Ice Form              Ice/Tmut       ###.....     16%         4    ####...
e - Animate Dead          Necr           N/A          9%          4    ####...
f - Regeneration          Chrm/Necr      ##........   11%         3    ###....


Dungeon Overview and Level Annotations

Branches:
Dungeon (11/15)            Temple (0/1) D:7            Lair (6/6) D:10
 Shoals (0/4) Lair:4       Spider (0/4) Lair:4        Slime (0/5) Lair:6
    Orc (2/2) D:10
    Elf: Orc:2

Altars:
Ashenzari
Cheibriados
Dithmenos
Elyvilon
Hepliaklqana
Kikubaaqudgha
Makhleb
Okawaru
Qazlal
Ru
Sif Muna
Trog
Wu Jian
Yredelemnul
Zin
The Shining One
Beogh

Shops:
D:6 (   D:7 (

Annotations:
Lair:2 exclusion: oklob plant
Lair:5 1 runed door


Innate Abilities, Weirdness & Mutations

You can breathe blasts of fire.
Your fiery red scales are hard. (AC +8)
You cannot fit into any form of body armour.
Your flesh is heat resistant. (rF+)
You are cold-blooded and may be slowed by cold attacks.


Message History

Evoke which item? (* to show all) (? for menu, Esc to quit)
Okay, then.
Press: ? - help, v - describe, . - travel, g - get item A tomahawk.
There is something else lying underneath.
The floor, spattered with blood.
Unknown command.
Okay, then.
Okay, then.
Evoke which item? (* to show all) (? for menu, Esc to quit)
Okay, then.
You feel much better.
The soul eater draws from the surrounding life force!
* * * LOW HITPOINT WARNING * * *
Your orc warlord zombie hits the soul eater but does no damage.
Your orc knight zombie hits the soul eater with a great sword.
The sun demon hits you!
* * * LOW HITPOINT WARNING * * *
You are engulfed in flames!
You resist.
You die...

.#.......#.....## ###.
................##
#..$. #.(...(.#.......#
#.#.###.#..(..........#
#....................##
#.......(..(..(.......#
#.......(...(.........#
#...(....[((....(.<...#
#........(....Z3@()..##
#.#<(.....(..ZZ3o.....#
##.#(.......Z.#....##
###...#.##(.#......#
###.####(..(.....##
##....###o.........#
#.....##.....3....##
###.....(..........#
###.o........#.......##


You could see a soul eater, a sun demon, an orc sorcerer, an orc priest, a
friendly orc warrior zombie, a friendly orc knight zombie, a friendly orc
warlord zombie and a friendly orc wizard skeleton.

Vanquished Creatures
  Rupert (Lair:5)
  Gastronok (Orc:1)
  Harold (Lair:4)
  3 hydras
  Erica (D:8)
  3 catoblepae (Lair:6)
  2 two-headed ogres
  11 death yaks
  An orc high priest (Orc:2)
  Pikel (D:6)
  An orc sorcerer (Orc:2)
  2 ugly things (D:11)
  2 manticores (Lair:6)
  4 black mambas
  11 spiny frogs
  A gargoyle (D:11)
  A kobold demonologist (D:11)
  3 komodo dragons
  A rime drake (Lair:3)
  6 polar bears
  A troll (Orc:1)
  6 jumping spiders (Lair:4)
  8 blink frogs
  Grinder (D:6)
  11 hippogriffs
  3 slime creatures (D:11)
  5 dream sheep (Lair:6)
  Sigmund (D:4)
  2 shadows (D:11)
  3 redbacks (Lair:4)
  2 wyverns (D:11)
  Eustachio (D:6)
  A wraith (D:11)
  46 yaks
  The ghost of newphone the Ogre Mage, an amateur OgWz (D:8)
  2 basilisks
  A hungry ghost (D:7)
  A steam dragon (D:10)
  Edmund (D:4)
  A warg (Orc:1)
  Menkaure (D:4)
  A soldier ant (D:11)
  8 porcupines
  9 water moccasins
  6 sky beasts
  2 ice beasts
  10 black bears
  17 orc warriors
  7 ogres
  4 centaurs
  9 wolves (Lair:1)
  9 crocodiles
  A big kobold (Sewer)
  12 bullfrogs
  A wyvern skeleton (D:6)
  2 scorpions
  3 wights (D:10)
  6 howler monkeys
  3 crimson imps
  2 centaur zombies
  3 jellies
  A quasit (D:8)
  10 orc priests
  5 hounds
  19 orc wizards
  A centaur skeleton (D:10)
  4 iguanas
  Jessica (D:3)
  2 bullfrog skeletons
  10 worker ants
  Natasha (thrice) (D:2)
  Ijyb (D:2)
  A hound zombie (D:5)
  A hound skeleton (D:4)
  2 worker ant zombies
  4 gnolls (D:9)
  10 adders
  A howler monkey skeleton (D:5)
  A river rat (Sewer)
  2 shadow imps
  2 oozes (Lair:6)
  2 adder skeletons
  6 worms
  2 dart slugs
  4 leopard geckos
  33 orcs
  8 bats
  8 giant cockroaches
  8 goblins
  14 hobgoblins
  18 jackals
  8 quokkas
  8 frilled lizards
  A giant cockroach zombie (D:6)
  A goblin zombie (D:5)
  5 hobgoblin zombies (D:5)
  13 kobolds
  2 kobold zombies (D:5)
  A leopard gecko zombie (D:8)
  An orc skeleton (D:5)
  12 rats
  A spectral orc (D:3)
  A plant (Lair:4)
509 creatures vanquished.

Vanquished Creatures (collateral kills)
  An orc warlord (Orc:2)
  A hydra (Lair:6)
  A death yak (Lair:6)
  An orc knight (Orc:2)
  2 komodo dragons (Lair:6)
  A dream sheep (Lair:6)
  4 yaks
  A water moccasin (Lair:6)
  A big kobold (D:11)
  An orc (D:11)
  2 kobolds (D:11)
16 creatures vanquished.

Vanquished Creatures (others)
  2 orcs (D:10)
  A bush (Lair:4)
  11 fungi
  12 plants
26 creatures vanquished.

Grand Total: 551 creatures vanquished

Notes
Turn   | Place    | Note
-------+----------+-------------------------------------------
     0 | D:1      | zxcv the Draconian Transmuter began the quest for the Orb.
     0 | D:1      | Reached XP level 1. HP: 16/16 MP: 3/3
   179 | D:1      | Reached XP level 2. HP: 21/23 MP: 5/5
   986 | D:1      | Reached XP level 3. HP: 28/28 MP: 4/6
  1008 | D:1      | Learned a level 2 spell: Sticks to Snakes
  1265 | D:2      | Found a faded altar of an unknown god.
  1679 | D:2      | Learned a level 3 spell: Spider Form
  2007 | D:2      | Found a glowing silver altar of Zin.
  2044 | D:2      | Reached XP level 4. HP: 26/35 MP: 3/7
  2158 | D:2      | Found a sacrificial altar of Ru.
  2463 | D:3      | Noticed Natasha
  2845 | D:3      | Reached skill level 5 in Transmutations
  2897 | D:3      | Found an ancient bone altar of Kikubaaqudgha.
  2909 | D:3      | Noticed Ijyb
  2910 | D:3      | Noticed Jessica
  2934 | D:2      | Killed Natasha
  2934 | D:2      | Reached XP level 5. HP: 20/40 MP: 4/8
  3095 | D:2      | Found a faded altar of an unknown god.
  3147 | D:2      | Found a glowing silver altar of Zin.
  3249 | D:2      | Found a sacrificial altar of Ru.
  3314 | D:2      | Noticed Natasha
  3325 | D:2      | Killed Natasha
  3567 | D:2      | Noticed Natasha
  3576 | D:2      | Killed Natasha
  3658 | D:2      | Killed Ijyb
  3711 | D:3      | Killed Jessica
  3860 | D:3      | Reached XP level 6. HP: 37/47 MP: 5/9
  3903 | D:3      | Found a shattered altar of Ashenzari.
  4039 | D:3      | Found an iron altar of Okawaru.
  4108 | D:3      | Found a burning altar of Makhleb.
  4123 | D:3      | Became a worshipper of Makhleb the Destroyer
  4344 | D:3      | Found a basalt altar of Yredelemnul.
  4388 | D:4      | Noticed Edmund
  4402 | D:4      | Killed Edmund
  4474 | D:4      | Learned a level 4 spell: Ice Form
  4709 | D:4      | Noticed Sigmund
  4718 | D:4      | Killed Sigmund
  4718 | D:4      | Your scales start taking on a fiery red colour.
  4718 | D:4      | Reached XP level 7. HP: 41/53 MP: 7/11
  4718 | D:4      | Gained mutation: Your flesh is heat resistant. (rF+) [Red Draconian growth]
  5072 | D:4      | Found a stormy altar of Qazlal.
  5139 | D:4      | Noticed Menkaure
  5140 | D:4      | Killed Menkaure
  5341 | D:5      | Entered Level 5 of the Dungeon
  5443 | D:5      | Found a glowing golden altar of the Shining One.
  5554 | D:5      | Reached * piety under Makhleb
  5843 | D:5      | Reached XP level 8. HP: 39/63 MP: 9/12
  5952 | D:5      | Found a deep blue altar of Sif Muna.
  5952 | D:5      | Found a shadowy altar of Dithmenos.
  5959 | D:5      | Found a hazy altar of Hepliaklqana.
  6104 | D:5      | Found a bloodstained altar of Trog.
  6628 | D:6      | Reached skill level 1 in Ice Magic
  6641 | D:6      | Noticed Pikel
  6649 | D:6      | Noticed Grinder
  6668 | D:5      | Reached skill level 5 in Unarmed Combat
  6726 | D:6      | Found Inolibil's Weapon Shop.
  6732 | D:6      | Noticed Eustachio
  6753 | D:6      | Killed Eustachio
  6778 | D:6      | Killed Grinder
  6786 | D:6      | Killed Pikel
  6786 | D:6      | Reached skill level 5 in Fighting
  6786 | D:6      | Reached XP level 9. HP: 59/74 MP: 15/15
  6841 | D:6      | Found a white marble altar of Elyvilon.
  6894 | D:6      | Found a glowing drain.
  6908 | Sewer    | Entered a sewer
  6910 | Sewer    | Reached ** piety under Makhleb
  7001 | Sewer    | Found a white marble altar of Elyvilon.
  7374 | D:7      | Found a snail-covered altar of Cheibriados.
  8107 | D:7      | Found Maaclyso's Antique Weapon Emporium.
  8143 | D:7      | Found a staircase to the Ecumenical Temple.
  8268 | D:7      | Found an ornate altar of the Wu Jian Council.
  8571 | D:7      | Got a crystal fustibalus
  8573 | D:7      | Identified the +8 fustibalus of Wyfuin {venom, Str+4 Dex+4} (You found it on level 7 of the Dungeon)
  8678 | D:8      | Noticed Erica
  8687 | D:8      | Killed Erica
  8687 | D:8      | Reached skill level 10 in Transmutations
  8687 | D:8      | Reached XP level 10. HP: 86/86 MP: 16/16
  8845 | D:8      | Noticed newphone's ghost (amateur OgWz)
  8849 | D:8      | Killed newphone's ghost
  8855 | D:8      | Got an ancient large shield
  8865 | D:8      | Identified the +8 large shield "Cairock Egal" {Stlth+} (You found it on level 8 of the Dungeon)
  9178 | D:9      | Found a sacrificial altar of Ru.
  9412 | D:9      | Reached *** piety under Makhleb
  9601 | D:9      | Reached skill level 1 in Slings
  9638 | D:9      | Found a snail-covered altar of Cheibriados.
 10099 | D:10     | Entered Level 10 of the Dungeon
 10251 | D:10     | Found a staircase to the Orcish Mines.
 10547 | D:10     | Reached skill level 5 in Spellcasting
 10552 | D:10     | Noticed a two-headed ogre
 11046 | D:10     | Found a staircase to the Lair.
 11092 | Lair:1   | Entered Level 1 of the Lair of Beasts
 11092 | Lair:1   | Noticed a spiny frog
 11107 | D:10     | Killed a spiny frog
 11107 | D:10     | Reached skill level 1 in Invocations
 11194 | Lair:1   | Noticed a black mamba
 11199 | Lair:1   | Killed a black mamba
 11210 | Lair:1   | Reached XP level 11. HP: 81/94 MP: 14/18
 11507 | Lair:1   | Reached **** piety under Makhleb
 11573 | Lair:1   | Reached skill level 5 in Slings
 11608 | Lair:1   | Noticed a five-headed hydra
 12869 | Lair:2   | Reached skill level 1 in Shields
 12896 | Lair:1   | HP: 2/94 [black mamba (15)]
 13260 | Lair:2   | Noticed an oklob plant
 13327 | Lair:2   | Killed a five-headed hydra
 13397 | Lair:2   | Noticed a five-headed hydra
 13419 | Lair:2   | Killed a five-headed hydra
 14211 | Lair:2   | Found a hazy altar of Hepliaklqana.
 14276 | Lair:2   | Upgraded the game from 0.22-a0-283-g1871b15 to 0.22-a0-292-g0df9d5f
 14276 | Lair:2   | Upgraded the game from 0.22-a0-292-g0df9d5f to 0.22-a0-293-gc9362ec
 14390 | Lair:3   | Reached XP level 12. HP: 104/104 MP: 19/19
 14704 | Lair:3   | Reached skill level 5 in Invocations
 15310 | Lair:4   | Reached skill level 5 in Dodging
 15379 | Lair:4   | Learned a level 4 spell: Animate Dead
 15447 | Lair:4   | Reached ***** piety under Makhleb
 15451 | Lair:4   | Reached skill level 1 in Necromancy
 15638 | Lair:4   | Found a hole to the Spider Nest.
 16169 | Lair:4   | Found a staircase to the Shoals.
 16289 | Lair:4   | Noticed Harold
 16304 | Lair:4   | Killed Harold
 16593 | Lair:5   | Found a runed door.
 16846 | Lair:5   | Noticed Rupert
 16849 | Lair:5   | Paralysed by Rupert for 4 turns
 16867 | Lair:5   | Killed Rupert
 16867 | Lair:5   | Reached skill level 5 in Necromancy
 16867 | Lair:5   | Reached XP level 13. HP: 111/111 MP: 20/20
 17134 | Lair:6   | Entered Level 6 of the Lair of Beasts
 17161 | Lair:6   | Found a staircase to the Slime Pits.
 17693 | Lair:6   | Reached skill level 10 in Slings
 19318 | Lair:6   | Reached ****** piety under Makhleb
 19747 | D:9      | Learned a level 3 spell: Regeneration
 20046 | D:11     | Reached XP level 14. HP: 118/118 MP: 21/21
 21008 | Orc:1    | Entered Level 1 of the Orcish Mines
 21141 | Orc:1    | Found a roughly hewn altar of Beogh.
 21236 | Orc:1    | Noticed Gastronok
 21256 | Orc:1    | Killed Gastronok
 21559 | Orc:2    | Entered Level 2 of the Orcish Mines
 21788 | Orc:2    | Noticed an orc warlord
 21942 | Orc:2    | Killed an orc warlord
 21978 | Orc:2    | Paralysed by an orc sorcerer for 7 turns
 21984 | Orc:2    | HP: 3/118 [sun demon[an orc sorcerer] (6)]
 21985 | Orc:2    | Slain by a sun demon

Vault maps used:
D:1:      dpeg_arrival_shrine
D:2:      cheibrodos_old_hovel, lemuel_doored_altar,
          chequers_ecumenical_altar_simple, hangedman_ru_absence
D:3:      lemuel_coloured_pillars_altar, overflow_temple_1_default,
          makhleb_blood_cavern_becter, nicolae_ashenzari_panopticon,
          yredelemnul_forgotten_temple_becter, minmay_ruptured, uniq_natasha,
          uniq_jessica, uniq_ijyb
D:4:      kennysheep_mini, first_ration, uniq_edmund, uniq_sigmund,
          uniq_menkaure
D:5:      gammafunk_temple_overflow_wave, lemuel_crystal_altar,
          kennysheep_little_box, nicolae_tso_besieged_by_evil
D:6:      kennysheep_mini_moat, portal_sewer_entry_d, serial_shops, shop,
          minmay_holes, hangedman_decor_peaks_small, feat_on_display,
          uniq_pikel, uniq_grinder, uniq_eustachio
D:7:      nicolae_overflow_crystal_walls, overflow_temple_1_default,
          minmay_temple_entry_hall, serial_shops, shop
D:8:      uniq_erica
D:9:      lemuel_crystal_altar, basic_altar
D:10:     lair_entry_dummy, orc_0_dummy
D:11:     serial_glass, glass_columns_b, glass_columns_a, glass_columns_a,
          glass_columns_b, glass_columns_a, glass_columns_c, glass_columns_a,
          glass_columns_c
Lair:1:   beast_lair_carwin_10, infiniplex_staircase_pool, grunt_megastairs_2
Lair:2:   lemuel_oklob_altar
Lair:3:   beast_lair_carwin_large_1
Lair:4:   shoals_dummy_entry, nicolae_spider_entry_tight_spaces, uniq_harold
Lair:5:   gammafunk_mikee_crab_dinner, uniq_rupert
Lair:6:   evilmike_catoblepas_cave, nicolae_slime_entry_slimehenge
Orc:1:    nicolae_orc_accident_2, uniq_gastronok
Orc:2:    st_orc_congregation
Sewer:    sewer_kobolds

Skill      XL: |  1  2  3  4  5  6  7  8  9 10 11 12 13 14 |
---------------+-------------------------------------------+-----
Dodging        | 2 4 6 8 9 |  9.3
Transmutations | 3 4 5 6 7 8 9 10 11 | 11.0
Spellcasting   | 3 4 5 |  5.0
Fighting       | 3 5 7 8 9 |  9.0
Unarmed Combat | 4 5 7 8 |  8.0
Ice Magic      | 2 |  2.1
Slings         | 4 7 9 11 | 11.6
Invocations    | 2 4 6 7 |  7.5
Shields        | 3 4 |  4.9
Necromancy     | 5 8 |  8.0

Action                   |  1- 3 |  4- 6 |  7- 9 | 10-12 | 13-15 || total
-------------------------+-------+-------+-------+-------+-------++-------
Melee: Unarmed           |   167 |   199 |   324 |    89 |       ||   779
       Tailslap          |    11 |     3 |    18 |     4 |       ||    36
       Punch             |     2 |       |     2 |       |       ||     4
       Kick              |     5 |       |       |       |       ||     5
       Headbutt          |     3 |       |       |       |       ||     3
       Fustibalus        |       |       |       |       |     1 ||     1
 Fire: Fustibalus        |       |       |    12 |   591 |   685 ||  1288
Throw: Stone             |    19 |    26 |     5 |       |       ||    50
 Cast: Beastly Appendage |    10 |       |       |       |       ||    10
       Spider Form       |     3 |    27 |    32 |     3 |       ||    65
       Ice Form          |       |       |       |     6 |       ||     6
       Animate Dead      |       |       |       |     1 |    23 ||    24
Invok: Lesser Servant of |       |       |       |     2 |       ||     2
       Minor Destruction |       |       |       |       |     1 ||     1
 Abil: Breathe Fire      |       |       |     2 |    17 |     2 ||    21
       End Transformatio |       |       |     1 |     1 |       ||     2
Evoke: Wand              |       |       |       |     2 |     3 ||     5
       Phial of floods   |       |       |       |     1 |     1 ||     2
  Use: Scroll            |       |       |     7 |    10 |     4 ||    21
       Potion            |       |       |       |     4 |     1 ||     5
 Stab: Sleeping          |       |       |     4 |       |       ||     4
  Eat: Chunk             |     4 |    13 |    14 |    30 |    16 ||    77
       Ration            |       |       |     1 |       |     1 ||     2
Armor: Skin              |    44 |    33 |    80 |   112 |    66 ||   335
Dodge: Dodged            |   111 |   197 |   236 |   236 |   138 ||   918
Block: Buckler           |       |       |       |    63 |   152 ||   215
       Reflection        |       |       |       |     1 |     6 ||     7

Table legend:
 A = Spawn XP
 B = Non-spawn XP
 C = Spawn XP percentage of total XP
 D = Spawn monster count
 E = Non-spawn monster count
 F = Spawn count percentage of total count
 G = Total turns spent on level
                    A         B        C        D         E        F      G
               +---------+---------+-------+---------+---------+-------+---------
         Total |       0 |   78677 |   0.0 |       0 |     523 |   0.0 | 21985
               +---------+---------+-------+---------+---------+-------+---------
           D:1 |       0 |      44 |   0.0 |       0 |      25 |   0.0 |  1256
           D:2 |       0 |     215 |   0.0 |       0 |      28 |   0.0 |  2006
           D:3 |       0 |     191 |   0.0 |       0 |      37 |   0.0 |  1122
           D:4 |       0 |     702 |   0.0 |       0 |      12 |   0.0 |   957
           D:5 |       0 |     876 |   0.0 |       0 |      36 |   0.0 |  1329
           D:6 |       0 |    1482 |   0.0 |       0 |      12 |   0.0 |   470
           D:7 |       0 |    1129 |   0.0 |       0 |      19 |   0.0 |  1289
           D:8 |       0 |    2008 |   0.0 |       0 |      15 |   0.0 |   523
           D:9 |       0 |     688 |   0.0 |       0 |      18 |   0.0 |  1369
          D:10 |       0 |    3546 |   0.0 |       0 |      30 |   0.0 |   962
          D:11 |       0 |    7221 |   0.0 |       0 |      50 |   0.0 |  1029
        Lair:1 |       0 |    6113 |   0.0 |       0 |      32 |   0.0 |  2131
        Lair:2 |       0 |    5412 |   0.0 |       0 |      20 |   0.0 |  1105
        Lair:3 |       0 |    4120 |   0.0 |       0 |      20 |   0.0 |   918
        Lair:4 |       0 |    8381 |   0.0 |       0 |      33 |   0.0 |  1230
        Lair:5 |       0 |    6288 |   0.0 |       0 |      17 |   0.0 |   862
        Lair:6 |       0 |   21831 |   0.0 |       0 |      64 |   0.0 |  2278
         Orc:1 |       0 |    3074 |   0.0 |       0 |      14 |   0.0 |   624
         Orc:2 |       0 |    5241 |   0.0 |       0 |      32 |   0.0 |   353
         Sewer |       0 |     115 |   0.0 |       0 |       9 |   0.0 |   172
               +---------+---------+-------+---------+---------+-------+---------
